 Dungeon Crawl Stone Soup version 0.31.0-32-g396128a36d (webtiles) character file.

Game seed: 2089635279285346786

858 tbry the Chopper (level 7, 0/62 HPs)
             Began as a Minotaur Fighter on Apr 12, 2024.
             Was an Initiate of Makhleb.
             Slain by an orc warrior
             ... wielding a +0 trident
              (4 damage)
             ... on level 5 of the Dungeon.
             The game lasted 00:04:43 (3564 turns).

tbry the Chopper (Minotaur Fighter)                 Turns: 3564, Time: 00:04:43

Health: 0/62       AC: 21    Str: 23    XL:     7   Next: 71%
Magic:  0/6        EV:  6    Int: 11    God:    Makhleb [......]
Gold:   198        SH:  4    Dex:  9    Spells: 6/6 levels left

rFire   . . .        g - +2 mace (protect)
rCold   . . .        c - +0 buckler
rNeg    . . .        n - +0 plate armour
rPois   .            (helmet restricted)
rElec   .            t - +0 cloak
rCorr   .            (no gloves)
SInv    .            s - +0 pair of boots
Will    .....        o - amulet of guardian spirit Stlth
                     b - +6 ring of intelligence
HPRegen 0.30/turn    (no ring)
MPRegen 0.10/turn

%: guardian spirit
@: under a protective aura
A: horns 2, retaliatory headbutt
a: Renounce Religion


You were on level 5 of the Dungeon.
You worshipped Makhleb.
Makhleb was noncommittal.
You visited 2 branches of the dungeon, and saw 6 of its levels.

You collected 198 gold pieces.

Inventory:

Hand Weapons
 a - a +0 war axe
 g - a +2 mace of protection (weapon)
Missiles
 m - 9 boomerangs (quivered)
Armour
 c - a +0 buckler (worn)
 n - a +0 plate armour (worn)
 s - a +0 pair of boots (worn)
 t - a +0 cloak (worn)
Jewellery
 b - a +6 ring of intelligence (left hand)
 o - an amulet of guardian spirit (around neck)
 w - a ring of ice
Wands
 q - a wand of flame (19)
Scrolls
 e - 5 scrolls of identify {unknown}
 f - 4 scrolls of enchant weapon {unknown}
 i - a scroll of fog {unknown}
 j - 2 scrolls of silence {unknown}
 k - a scroll of poison {unknown}
 l - 3 scrolls of amnesia {unknown}
 p - a scroll of blinking {unknown}
 r - a scroll of immolation {unknown}
 v - a scroll of revelation {unknown}
 x - 2 scrolls of fear {unknown}
 y - a scroll of enchant armour {unknown}
Potions
 d - a potion of might
 h - a potion of lignification {unknown}
 u - a potion of invisibility {unknown}
 z - a potion of brilliance {unknown}


   Skills:
 + Level 5.7 Fighting
 + Level 7.7(7.9) Axes
 + Level 1.8(5.2) Maces & Flails
 + Level 5.4 Armour
 + Level 0.5 Dodging
 + Level 0.1 Stealth
 + Level 4.9 Shields


You had 6 spell levels left.
You didn't know any spells.
Your spell library was empty.

Dungeon Overview and Level Annotations

Branches:
Dungeon (5/15)             Temple (1/1) D:4

Altars:
Ashenzari
Dithmenos
Elyvilon
Gozag
Kikubaaqudgha
Makhleb
Nemelex Xobeh
Okawaru
Qazlal
Sif Muna
Trog
Vehumet
Wu Jian
Xom
The Shining One


Innate Abilities, Weirdness & Mutations

You have a pair of horns on your head.
You reflexively headbutt those who attack you in melee.


Message History

You hit the orc wizard.
The orc wizard is moderately wounded.
The orc hits you but does no damage.
The orc warrior hits you with a +0 trident.
The orc wizard closely misses you. You furiously retaliate!
You headbutt the orc wizard.
You hit the orc wizard but do no damage.
The orc wizard is heavily wounded.
The orc wizard barely misses you. The orc hits you but does no damage.
The orc warrior hits you but does no damage.
You barely miss the orc wizard. Your headbutt misses the orc wizard.
The orc wizard is heavily wounded.
The orc wizard hits you but does no damage.
The orc hits you but does no damage.
The orc warrior hits you with a +0 trident!
* * * LOW HITPOINT WARNING * * *
You sock the orc wizard!
You kill the orc wizard!
Makhleb accepts your kill. The orc warrior barely misses you.
The orc hits you but does no damage. The orc completely misses you.
The orc warrior barely misses you.
You closely miss the orc warrior.
The orc warrior hits you with a +0 trident.
* * * LOW HITPOINT WARNING * * *
The orc hits you but does no damage.
You closely miss the orc warrior. You headbutt the orc warrior.
The orc warrior is lightly wounded.
The orc warrior closely misses you. You furiously retaliate!
You headbutt the orc warrior. The orc hits you but does no damage.
You hit the orc warrior but do no damage.
The orc warrior is moderately wounded.
The orc warrior hits you with a +0 trident!
* * * LOW HITPOINT WARNING * * *
The orc barely misses you.
You hit the orc warrior but do no damage.
You headbutt the orc warrior.
The orc warrior is moderately wounded.
The orc hits you but does no damage.
The orc warrior hits you with a +0 trident.
You die...

## ######.# #####....o.#.###
#####.##....@o.....#
#..#...#...).).....#
###....#.>.......#....
###......##..........#..
#........#........#.## .
..................###
#.(##...............####...##
###......)...........#......#
#...<..))....##.......#...#


You could see an orc warrior and an orc.

Vanquished Creatures
  Grinder (D:3)
  2 scorpions
  A hound (D:5)
  Crazy Yiuf (D:3)
  4 orc priests
  2 iguanas (D:5)
  Ijyb (D:3)
  Natasha (thrice) (D:3)
  2 orc wizards (D:5)
  6 adders
  5 ribbon worms
  4 dart slugs
  12 orcs
  7 endoplasms
  7 giant cockroaches
  2 goblins
  5 hobgoblins
  2 quokkas
  7 ball pythons
  4 bats
  3 frilled lizards
  11 kobolds
  6 rats
98 creatures vanquished.

Notes
Turn   | Place    | Note
-------+----------+-------------------------------------------
     0 | D:1      | tbry the Minotaur Fighter began the quest for the Orb.
     0 | D:1      | Reached XP level 1. HP: 19/19 MP: 0/0
   326 | D:1      | Reached XP level 2. HP: 22/27 MP: 1/1
   904 | D:2      | Reached XP level 3. HP: 27/33 MP: 2/2
   999 | D:2      | Reached skill level 3 in Axes
  1437 | D:3      | Noticed a scorpion
  1439 | D:3      | Noticed Natasha
  1446 | D:3      | Killed a scorpion
  1447 | D:3      | Reached skill level 4 in Axes
  1447 | D:3      | Reached XP level 4. HP: 34/41 MP: 3/3
  1452 | D:3      | Killed Natasha
  1453 | D:3      | Reached XP level 5. HP: 19/47 MP: 4/4
  1695 | D:3      | Noticed Ijyb
  1696 | D:3      | Noticed Natasha
  1704 | D:3      | Killed Natasha
  1716 | D:3      | Killed Ijyb
  1765 | D:3      | Noticed Natasha
  1773 | D:3      | Killed Natasha
  1774 | D:3      | Reached skill level 5 in Axes
  2141 | D:3      | Noticed Grinder
  2157 | D:3      | Paralysed by Grinder for 3 turns
  2173 | D:3      | Killed Grinder
  2174 | D:3      | Reached skill level 5 in Fighting
  2174 | D:3      | Reached skill level 6 in Axes
  2174 | D:3      | Reached XP level 6. HP: 36/56 MP: 5/5
  2400 | D:3      | Reached skill level 5 in Armour
  2517 | D:3      | Found a runed translucent door.
  2518 | D:3      | Noticed Crazy Yiuf
  2523 | D:3      | Killed Crazy Yiuf
  2524 | D:3      | Reached XP level 7. HP: 61/61 MP: 6/6
  2925 | D:4      | Reached skill level 7 in Axes
  2927 | D:4      | Found a staircase to the Ecumenical Temple.
  2941 | Temple   | Entered the Ecumenical Temple
  2967 | Temple   | Became a worshipper of Makhleb the Destroyer
  3002 | D:5      | Entered Level 5 of the Dungeon
  3226 | D:5      | Reached skill level 1 in Maces & Flails
  3398 | D:5      | Found an opulent altar of Gozag.
  3564 | D:5      | Slain by an orc warrior

Illustrated notes

Levels and vault maps discovered:
D:1:      dpeg_arrival_leaves_temple_mockup, layout_loops_ring
D:2:      layout_basic, chequers_big_river
D:3:      layout_loops_cross, uniq_ijyb, uniq_crazy_yiuf_cottage, uniq_grinder,
          uniq_natasha
D:4:      layout_cave_pools, minmay_temple_entry_proselytizer
D:5:      layout_cave_pools, kennysheep_mini_moat, eino_tiny_chamber,
          grunt_decor_cap
Temple:   jpeg_temple_clearing

Skill      XL: |  1  2  3  4  5  6  7 |
---------------+----------------------+-----
Fighting       | 4 5 |  5.7
Armour         | 4 5 |  5.4
Axes           | 4 6 7 |  7.7
Shields        | 4 |  4.9
Maces & Flails | 1 |  1.8
Dodging        | |  0.5
Stealth        | |  0.1

Action                     |  1- 3 |  4- 6 |  7- 9 || total
---------------------------+-------+-------+-------++-------
  Melee: War axe           |    70 |    79 |    29 ||   178
         Headbutt          |    10 |    14 |    24 ||    48
         Mace              |       |       |    70 ||    70
  Throw: Boomerang         |       |       |     4 ||     4
    Use: Potion            |       |       |     1 ||     1
 Armour: Scale mail        |    42 |       |       ||    42
         Plate armour      |    16 |    77 |   107 ||   200
  Dodge: Dodged            |    44 |    28 |    29 ||   101
  Block: Buckler           |    18 |    19 |    27 ||    64
